 Dungeon Crawl Stone Soup version 0.22-a0-322-g60b3cfd (webtiles) character file.

39 DiscipleGeek the Sneak (level 3, 0/35 HPs)
             Began as a Troll Assassin on Apr 4, 2018.
             Slain by a goblin (4 damage)
             ... on level 2 of the Dungeon.
             The game lasted 00:03:27 (874 turns).

DiscipleGeek the Sneak (Troll Assassin)              Turns: 874, Time: 00:03:28

Health: 0/35       AC:  5    Str: 19    XL:     3   Next: 28%
Magic:  2/2        EV:  9    Int:  7    God:
Gold:   54         SH:  0    Dex: 12    Spells: 2/2 levels left

rFire    . . .     SeeInvis .   n - +1 dagger (speed)
rCold    . . .     Gourm    +   (no shield)
rNeg     . . .     Faith    .   c - +0 robe
rPois    .         Spirit   .   (helmet restricted)
rElec    .         Reflect  .   m - scarf {cloud immunity}
rCorr    .         Harm     .   (gloves unavailable)
MR       .....                  (boots unavailable)
Stlth    ++........             (no amulet)
HPRegen  0.51/turn              (no ring)
MPRegen  0.08/turn              (no ring)

@: no status effects
A: large, unfitting armour, claws 3, fast metabolism 3, gourmand, regeneration
1, shaggy fur 1, tough skin 2
a: no special abilities


You were on level 2 of the Dungeon.
You were very full.

You visited 1 branch of the dungeon, and saw 2 of its levels.

You collected 54 gold pieces.

Inventory:

Hand Weapons
 a - a +2 dagger
 b - a +1 blowgun
 n - a +1 dagger of speed (weapon)
Missiles
 e - 8 poisoned needles
 f - 2 curare-tipped needles
 k - 5 tomahawks (quivered)
 o - 7 javelins
Armour
 c - a +0 robe (worn)
 d - a +0 cloak
 m - a scarf of cloud immunity (worn)
Jewellery
 l - a cursed ring of loudness {unknown}
Scrolls
 i - a scroll of amnesia
 p - a scroll of remove curse
Potions
 h - a potion of might {unknown}
 j - a potion of heal wounds {unknown}
Comestibles
 g - 2 rations


   Skills:
 + Level 1.8 Fighting
 + Level 1.8 Short Blades
 + Level 1.8 Throwing
 + Level 0.9 Dodging
 + Level 2.7 Stealth


You had 2 spell levels left.
You didn't know any spells.

Dungeon Overview and Level Annotations

Branches:
Dungeon (2/15)

Altars:


Innate Abilities, Weirdness & Mutations

You are too large for most types of armour.
You have claws for hands.
Your metabolism is lightning-fast.
You like to eat raw meat.
Your natural rate of healing is unusually fast.
You are covered in fur. (AC +1)
You have very tough skin. (AC +2)


Message History

The worm is severely wounded.
The goblin hits you but does no damage.
You hit the worm.
The worm is almost dead.
You hit the worm.
The worm is almost dead.
The goblin barely misses you. The worm barely misses you.
You hit the worm.
You kill the worm!
A worm comes into view.
The goblin barely misses you. The ball python closely misses you.
There is a stone staircase leading down here.
You hit the ball python.
You kill the ball python!
The goblin hits you but does no damage. The gnoll hits you with a flail.
* * * LOW HITPOINT WARNING * * *
You see here a ball python corpse.
You closely miss the gnoll. The gnoll closely misses you. The goblin hits you.
You die...

# ####(....
#######..+......
......#.##......###
........#.......#..
................#.#
#...........#+#.#.#
................#.# ##
#######.#.##...##.#..#.#.
.S.............g@>.......
..............g.g........
.....##....##)###.#..#...
..... #....##[###....# .
.S.. #...........w....
... +..######.###...##.
... ##.. ... ...+ . ..
...g...# #.. ...)..


You could see a worm, 2 gnolls and a goblin.

Vanquished Creatures
  A gnoll (D:2)
  A worm (D:2)
  2 leopard geckos (D:1)
  An orc (D:2)
  4 goblins
  3 hobgoblins (D:1)
  2 ball pythons
  3 bats (D:1)
  A frilled lizard (D:1)
  2 kobolds (D:1)
  4 rats
24 creatures vanquished.

Notes
Turn   | Place    | Note
-------+----------+-------------------------------------------
     0 | D:1      | DiscipleGeek the Troll Assassin began the quest for the Orb.
     0 | D:1      | Reached XP level 1. HP: 19/19 MP: 0/0
   154 | D:1      | Reached XP level 2. HP: 27/27 MP: 1/1
   847 | D:2      | Reached XP level 3. HP: 13/35 MP: 2/2
   874 | D:2      | Slain by a goblin

Vault maps used:
D:1:      tarquinn_simple_flora_water_d, palyth_stone_intersect, st_stairs_12
D:2:      marbit_many_paths

Action                   || total
-------------------------++-------
Melee: Dagger            ||   113
  Use: Scroll            ||     3
  Eat: Chunk             ||    12
Armor: Robe              ||    36
Dodge: Dodged            ||    49

Table legend:
 A = Spawn XP
 B = Non-spawn XP
 C = Spawn XP percentage of total XP
 D = Spawn monster count
 E = Non-spawn monster count
 F = Spawn count percentage of total count
 G = Total turns spent on level
                    A         B        C        D         E        F      G
               +---------+---------+-------+---------+---------+-------+---------
         Total |       0 |      57 |   0.0 |       0 |      24 |   0.0 |   874
               +---------+---------+-------+---------+---------+-------+---------
           D:1 |       0 |      29 |   0.0 |       0 |      17 |   0.0 |   788
           D:2 |       0 |      28 |   0.0 |       0 |       7 |   0.0 |    86
               +---------+---------+-------+---------+---------+-------+---------
